 Dungeon Crawl Stone Soup version 0.27.1-2-g3b301248ec (webtiles) character file.

Game seed: 11564623778792823981

7 Mesmaeker13 the Chucker (level 2, 0/31 HPs)
             Began as an Ogre Hunter on Sept 22, 2021.
             Slain by a kobold (3 damage)
             ... on level 1 of the Dungeon.
             The game lasted 00:00:35 (429 turns).

Mesmaeker13 the Chucker (Ogre Hunter)                Turns: 429, Time: 00:00:36

Health: 0/31       AC:  3    Str: 15    XL:     2   Next: 4%
Magic:  2/2        EV: 10    Int: 12    God:
Gold:   11         SH:  0    Dex:  9    Spells: 1/1 levels left

rFire    . . .     SeeInvis .   a - +0 short sword
rCold    . . .     Faith    .   (no shield)
rNeg     . . .     Spirit   .   b - +0 robe
rPois    .         Reflect  .   (helmet restricted)
rElec    .         Harm     .   (no cloak)
rCorr    .         Rampage  .   (gloves unavailable)
Will     .....                  (boots unavailable)
Stlth    +.........             (no amulet)
HPRegen  0.10/turn              (no ring)
MPRegen  0.08/turn              (no ring)

@: no status effects
A: large, unfitting armour, tough skin 1
a: no special abilities


You were on level 1 of the Dungeon.
You visited 1 branch of the dungeon, and saw 1 of its levels.

You collected 11 gold pieces.

Inventory:

Hand Weapons
 a - a +0 short sword (weapon)
Missiles
 c - 5 large rocks (quivered)
 d - 2 throwing nets
Armour
 b - a +0 robe (worn)
Scrolls
 e - a scroll of enchant armour {unknown}
Potions
 f - a potion of brilliance {unknown}


   Skills:
 + Level 3.0 Fighting
 + Level 4.1 Throwing
 + Level 2.0 Dodging
 - Level 0.6 Stealth


You had one spell level left.
You didn't know any spells.
Your spell library contained the following spells:

 Spells                   Type           Power      Damage    Failure   Level
 Foxfire                  Conj/Fire      0%         2x1d4     32%         1
 Conjure Flame            Conj/Fire      0%         6-21      69%         3
 Inner Flame              Hex/Fire       0%         N/A       69%         3


Dungeon Overview and Level Annotations

Branches:
Dungeon (1/15)

Altars:


Innate Abilities, Weirdness & Mutations

You are too large for most types of armour.
You have tough skin. (AC +1)


Message History

The kobold throws a stone.
The stone hits you. The bat barely misses you.
You miss the bat. The bat hits you.
The kobold throws a stone.
The stone hits you but does no damage. The kobold hits you with a +0 whip.
The bat closely misses you.
You completely miss the bat. The bat barely misses you.
The kobold hits you with a +0 whip.
You barely miss the kobold. The bat closely misses you.
The kobold hits you with a +0 whip.
You barely miss the bat. The bat hits you but does no damage.
The kobold misses you.
You closely miss the kobold. The bat closely misses you.
The kobold hits you but does no damage.
You closely miss the kobold. The bat hits you but does no damage.
The kobold closely misses you.
You closely miss the kobold. The bat misses you.
The bat hits you but does no damage. The kobold hits you with a +0 whip.
You closely miss the kobold. The bat barely misses you.
The kobold hits you but does no damage.
You hit the kobold.
The kobold is moderately wounded.
The kobold hits you but does no damage. The kobold hits you with a +0 whip.
You barely miss the kobold. The bat hits you. The kobold barely misses you.
You hit the kobold but do no damage. The bat hits you but does no damage.
The kobold hits you with a +0 whip.
You barely miss the kobold. The bat barely misses you.
The kobold hits you with a +0 whip.
* * * LOW HITPOINT WARNING * * *
You miss the kobold. The bat hits you but does no damage. The bat hits you.
* * * LOW HITPOINT WARNING * * *
The kobold hits you with a +0 whip.
* * * LOW HITPOINT WARNING * * *
The bat hits you but does no damage.
You hit the bat.
You kill the bat!
You closely miss the kobold. The kobold hits you but does no damage.
You hit the kobold but do no damage. The kobold hits you with a +0 whip.
* * * LOW HITPOINT WARNING * * *
You closely miss the kobold. The kobold hits you with a +0 whip.
You die...

#..# #.......$.....
#..# #####.......#
#..##### #.>.........#
#......# #.###.......#
##.###.# #.# ##....#.#
#.# #.# #.####....#.#.
#.# #.# #.............
##.###.###.####.##.#.#
#...............@K.#b#
#..........#########
#.########.# # #.# #..
####


You could see a kobold.

Vanquished Creatures
  A ball python (D:1)
  An endoplasm (D:1)
  A hobgoblin (D:1)
  2 bats (D:1)
  A kobold (D:1)
  2 rats (D:1)
8 creatures vanquished.

Notes
Turn   | Place    | Note
-------+----------+-------------------------------------------
     0 | D:1      | Mesmaeker13 the Ogre Hunter began the quest for the Orb.
     0 | D:1      | Reached XP level 1. HP: 22/22 MP: 1/1
   404 | D:1      | Reached XP level 2. HP: 31/31 MP: 2/2
   429 | D:1      | Slain by a kobold

Illustrated notes

Levels and vault maps discovered:
D:1:      dpeg_arrival_rooms_a, layout_loops_ring, ebering_dispersal_statue_hall

Skill      XL: |  1 |
---------------+----+-----
Fighting       | 3 |  3.0
Dodging        | 2 |  2.0
Throwing       | |  4.1
Stealth        | |  0.6

Action                   || total
-------------------------++-------
Melee: Short sword       ||    38
Armor: Robe              ||    18
Dodge: Dodged            ||    22
